 Dungeon Crawl Stone Soup version 0.30-a0-169-g06f667207d (webtiles) character file.

Game seed: 12259851501074801117

197157 Bnni the Warrior (level 17, -4/149 HPs)
             Began as a Demonspawn Gladiator on Sept 30, 2022.
             Was a High Priest of Dithmenos.
             Killed from afar by a will-o-the-wisp (26 damage)
             ... with a foxfire
             ... on level 3 of the Swamp on Oct 1, 2022.
             The game lasted 02:07:13 (40022 turns).

Bnni the Warrior (Demonspawn Gladiator)            Turns: 40022, Time: 02:07:17

Health: -4/149     AC: 13    Str: 25    XL:     17   Next: 77%
Magic:  25/26      EV: 20    Int: 19    God:    Dithmenos [*****.]
Gold:   1854       SH: 16    Dex: 27    Spells: 15/16 levels left

rFire   . . .      SeeInvis .    I - +4 scimitar (flame)
rCold   + . .      Faith    .    P - +2 kite shield
rNeg    + + .      Spirit   .    v - +1 ring mail {rC+}
rPois   +          Reflect  .    m - +2 helmet
rElec   .          Harm     .    (cloak unavailable)
rCorr   .          Rampage  .    G - +2 pair of gloves
Will    +....                    t - +0 pair of boots Stlth *+++++++++
                                 f - amulet of regeneration
HPRegen 1.14/turn                N - ring of Picweph {rN+ Str+3 Dex+2 Slay+4}
MPRegen 0.20/turn                D - ring of the Enemy {Drain rPois rN+ Str+6 Int+10 Dex+3}

@: wreathed by umbra
A: ignite blood 1, sturdy frame 3, demonic magic 3, weakness stinger 3
}: 1/15 runes: gossamer
a: Renounce Religion, Shadow Step, Shadow Form


You were on level 3 of the Swamp.
You worshipped Dithmenos.
Dithmenos was extremely pleased with you.
You visited 5 branches of the dungeon, and saw 28 of its levels.
You also visited: Ice Cave.

You collected 2666 gold pieces.
You spent 812 gold pieces at shops.

Inventory:

Hand Weapons
 c - the +11 scimitar of the Aged Spreadsheets {antimagic, rElec rF+}
   (You bought it in a shop on level 2 of the Orcish Mines)

   It reduces the magical energy of the wielder, and disrupts the spells and
   magical abilities of those it strikes.
   Natural abilities and divine invocations are not affected.
   rF:        It protects you from fire.
   rElec:     It insulates you from electricity.
 d - a +4 vorpal hand crossbow
 I - a +4 scimitar of flaming (weapon)
 L - the +11 dagger of Jiseho {freeze, Int+3}
   (You found it on level 10 of the Dungeon)

   It freezes those it strikes, dealing additional cold damage.
   It can also slow down cold-blooded creatures.
   Int:       It affects your intelligence (+3).
Missiles
 K - 4 curare-tipped darts (quivered)
Armour
 m - a +2 helmet (worn)
 t - a +0 pair of boots (worn)
 v - a +1 ring mail of cold resistance (worn)
 G - a +2 pair of gloves (worn)
 P - a +2 kite shield (worn)
Jewellery
 f - an amulet of regeneration (around neck)
 o - a ring of resist corrosion
 w - a ring of flight
 D - the ring of the Enemy (right hand) {Drain rPois rN+ Str+6 Int+10 Dex+3}
   (You found it in an ice cave)

   [ring of strength]

   Str:       It affects your strength (+6).
   Int:       It affects your intelligence (+10).
   Dex:       It affects your dexterity (+3).
   rPois:     It protects you from poison.
   rN:        It protects you from negative energy.
   Drain:     It drains your maximum health when unequipped.
 N - the ring of Picweph (left hand) {rN+ Str+3 Dex+2 Slay+4}
   (You found it on level 13 of the Dungeon)

   [ring of slaying]

   Str:       It affects your strength (+3).
   Dex:       It affects your dexterity (+2).
   Slay:      It affects your accuracy & damage with ranged weapons and melee
   (+4).
   rN:        It protects you from negative energy.
 O - a ring of see invisible
 U - an amulet of reflection
Wands
 a - a wand of polymorph (19)
 e - a wand of digging (8)
 u - a wand of paralysis (36)
 C - a wand of iceblast (3)
 J - a wand of acid (9)
 S - a wand of mindburst (11)
Scrolls
 b - 5 scrolls of identify
 g - 12 scrolls of teleportation
 h - a scroll of vulnerability
 k - 2 scrolls of enchant weapon
 q - 5 scrolls of magic mapping
 y - 9 scrolls of enchant armour
 z - 7 scrolls of amnesia
 B - 2 scrolls of brand weapon
 M - 6 scrolls of poison
 Q - a scroll of blinking
 W - a scroll of torment
 X - 3 scrolls of fog
Potions
 i - 8 potions of attraction
 j - 3 potions of lignification
 l - 9 potions of flight
 n - 9 potions of curing
 p - a potion of magic
 s - 4 potions of haste
 A - 4 potions of resistance
 F - 3 potions of might
 H - 2 potions of brilliance
 T - 8 potions of ambrosia
 Y - a potion of mutation


   Skills:
 + Level 18.1 Fighting
 * Level 15.0 Long Blades
 - Level 8.0 Ranged Weapons
 - Level 1.7 Throwing
 - Level 10.0 Dodging
 + Level 15.4 Stealth
 * Level 9.7 Shields
 * Level 12.9 Invocations


You had 15 spell levels left.
You knew the following spells:

 Your Spells              Type           Power      Damage    Failure   Level
a - Slow                  Hex            0%         N/A       43%         1

Your spell library contained the following spells:

 Spells                   Type           Power      Damage    Failure   Level
 Foxfire                  Conj/Fire      0%         2x1d4     43%         1
 Kiss of Death            Conj/Necr      0%         2d5       43%         1
 Sandblast                Erth           0%         2d4       43%         1
 Ensorcelled Hibernation  Hex/Ice        0%         N/A       56%         2
 Passwall                 Tmut/Erth      0%         N/A       56%         2
 Confusing Touch          Hex            0%         N/A       80%         3
 Frozen Ramparts          Ice            0%         1d1       80%         3
 Gell's Gravitas          Tloc           0%         N/A       80%         3
 Inner Flame              Hex/Fire       0%         N/A       80%         3
 Lesser Beckoning         Tloc           0%         N/A       80%         3
 Ozocubu's Armour         Ice            0%         N/A       80%         3
 Stone Arrow              Conj/Erth      0%         3d7       80%         3
 Summon Guardian Golem    Hex/Summ       0%         N/A       80%         3
 Teleport Other           Tloc           0%         N/A       80%         3
 Vampiric Draining        Necr           0%         2d6       80%         3
 Cause Fear               Hex            0%         N/A       99%         4
 Dispel Undead            Necr           0%         3d6       99%         4
 Flame Wave               Conj/Fire      0%         2d4       99%         4
 Ice Form                 Ice/Tmut       0%         N/A       99%         4
 Petrify                  Tmut/Erth      0%         N/A       99%         4
 Sticky Flame             Conj/Fire      0%         2d3       99%         4
 Summon Ice Beast         Ice/Summ       0%         N/A       99%         4
 Metabolic Englaciation   Hex/Ice        0%         N/A       100%        5
 Summon Forest            Summ/Tloc      0%         N/A       100%        5
 Summon Mana Viper        Hex/Summ       0%         N/A       100%        5
 Simulacrum               Ice/Necr       0%         N/A       100%        6
 Statue Form              Tmut/Erth      0%         N/A       100%        6
 Summon Cactus Giant      Summ           0%         N/A       100%        6
 Orb of Destruction       Conj           0%         9d5       100%        7
 Spellforged Servitor     Conj/Summ      0%         N/A       100%        7
 Discord                  Hex            0%         N/A       100%        8


Dungeon Overview and Level Annotations

Branches:
Dungeon (14/15)            Temple (0/1) D:7            Lair (5/5) D:8
  Swamp (3/4) Lair:2       Spider (4/4) Lair:2        Slime (0/5) Lair:4
    Orc (2/2) D:12            Elf (0/3) Orc:2         IceCv (visited)
 Vaults: D:13-14

Altars:
Dithmenos
Fedhas
Gozag
Okawaru
Ru
Sif Muna
Trog
Uskayaw
Wu Jian
Yredelemnul

Shops:
D:1 [   D:8 *   D:10 ?   D:11 *   D:14 :?=   Orc:2 [(=*

Annotations:
D:11 3 runed translucent doors, exclusion: obsidian statue, flestrin's ghost, journeyman MiBe
D:12 1 runed translucent door
D:14 Roxanne
Swamp:1 1 transporter


Innate Abilities, Weirdness & Mutations

Your demonic aura sometimes causes spilled blood to erupt in flames.
Your movements are significantly less encumbered by armour. (ER -6)
Spells you cast and wands you use may paralyse nearby enemies.
You have a sharp stinger which inflicts weakening toxins.


Message History

Dithmenos accepts your kill.
The vampire mosquito closely misses you.
The swamp worm fires a harpoon shot at you.
The harpoon shot hits you.
You are yanked forward by the harpoon shot.
Casting: Slow (safe; 43% risk of failure)
Confirm with . or Enter, or press ? or * to list all spells.
Aiming: Slow (safe; 43% risk of failure)
Press: ? - help, Shift-Dir - straight line, f - swamp worm
Aim: a swamp worm (umbra, chance to affect: 41%)
The swamp worm resists with some effort.
Malevolent energies surge around you.
The swamp worm suddenly stops moving! x2
Your shadow mimicks your spell!
The swamp worm resists with some effort.
You block the vampire mosquito's attack. x2
You chop the vampire mosquito into pieces!!!
You burn the vampire mosquito!
You destroy the vampire mosquito!
Dithmenos accepts your kill.
The helpless swamp worm fails to defend itself.
You slice the swamp worm!! You burn the swamp worm.
The swamp worm is severely wounded.
The swamp worm is no longer paralysed.
The swamp worm bites you!!
The will-o-the-wisp gestures.
The will-o-the-wisp conjures some foxfire! 2 foxfires come into view.
The helpless swamp worm fails to defend itself.
You slice the swamp worm like a ripe choko!!!
You burn the swamp worm.
You kill the swamp worm!
Dithmenos accepts your kill. You block the swamp worm's attack.
The will-o-the-wisp blinks!
You slice the swamp worm!! You burn the swamp worm.
The swamp worm is severely wounded.
The foxfire hits you!
* * * LOW HITPOINT WARNING * * *
The swamp worm bites you!!
* * * LOW HITPOINT WARNING * * *
The foxfire hits you!!
You die...

♣♣i)♣♣ ♣♣..♣ ♣.♣♣♣
♣...♣ ♣♣...♣♣ ♣♣..♣♣
♣♣.....♣♣ ♣♣..♣
♣...♣...♣♣♣♣..♣
♣..♣♣♣..♣§...♣♣ ♣♣♣.♣
♣..§§§..♣
♣...♣♣♣♣vw♣♣..♣ ♣..♣.♣
♣♣@)♣...♣
♣♣♣..♣♣♣☼†.♣...♣
♣...♣♣..v♣♣♣♣♣
♣♣♣...♣...♣..♣ .
♣.....♣♣....♣ ~~
♣♣..♣♣♣♣♣♣..♣♣
..~♣♣♣♣♣♣♣ ♣♣♣..~♣♣♣♣♣
§.~~~~~~~♣ ♣.♣♣....♣.♣♣
~~§~~~~~<♣♣♣.♣♣[..~.~.♣


You could see a will-o-the-wisp and a swamp worm (strong).

Vanquished Creatures
  Jorgrun (Swamp:1)
  Frances (Spider:2)
  A thorn hunter (Swamp:3)
  Kirke (Spider:4)
  2 azure jellies (IceCv)
  6 emperor scorpions
  4 ghost moths
  A quicksilver ooze (IceCv)
  3 orc warlords
  A broodmother (Spider:3)
  4 eleionomae (Swamp:3)
  Azrael (Orc:2)
  3 bunyips (Swamp:1)
  5 spark wasps
  Snorg (Orc:2)
  A shambling mangrove (Swamp:3)
  4 entropy weavers
  Fannar (Lair:1)
  2 ghost crabs
  10 hydras
  2 jorogumos
  2 centaur warriors
  3 boulder beetles
  6 alligators
  2 death scarabs
  5 two-headed ogres
  A tengu warrior (D:13)
  An orc high priest (Orc:2)
  Amaemon (Lair:1)
  11 pharaoh ants
  4 skeletal warriors
  5 goliath frogs
  2 sun moths
  8 steelbarb worms
  An obsidian statue (Swamp:1)
  7 bog bodies
  4 spriggan druids
  10 orb spiders
  4 swamp dragons
  5 orc knights
  A wizard (D:12)
  Pikel (D:8)
  A deep elf pyromancer (D:12)
  3 orc sorcerers (Orc:2)
  3 oklob plants (Lair:4)
  18 wolf spiders
  9 ugly things
  3 cyclopes
  2 moths of wrath
  2 manticores
  6 black mambas
  5 elephants (Lair:5)
  An orange demon (Lair:1)
  2 gargoyles
  2 ice statues (IceCv)
  Maggie (D:6)
  5 torpor snails
  4 rime drakes
  8 cane toads
  10 demonic crawlers
  2 freezing wraiths (D:14)
  2 tengu conjurers (D:13)
  14 komodo dragons
  7 trolls
  7 tyrant leeches
  A bloated husk (Swamp:3)
  35 tarantellas
  5 polar bears (Lair:5)
  7 blink frogs
  8 slime creatures
  11 dream sheep
  20 hornets
  A centaur simulacrum (D:12)
  30 culicivoras
  32 jumping spiders
  22 spriggans
  A spriggan (shapeshifter) (D:12)
  48 yaks
  A vampire (D:10)
  5 wyverns
  5 wraiths
  3 fire elementals (Orc:2)
  2 basilisks (Lair:4)
  16 vampire mosquitoes
  3 wargs
  63 redbacks
  10 swamp worms
  18 water moccasins
  2 hell hounds (Orc:2)
  2 swamp drakes
  2 sky beasts (D:7)
  An ice beast (D:8)
  35 orc warriors
  4 great orb of eyes simulacra (IceCv)
  6 black bears
  5 ogres
  9 boggarts
  11 centaurs
  27 wolves
  3 phantoms
  3 slime creature simulacra (IceCv)
  2 kobold brigands (D:9)
  21 bullfrogs
  A gnoll sergeant (D:5)
  2 scorpions
  A necrophage (D:5)
  5 glowing shapeshifter simulacra (IceCv)
  11 wights (D:8)
  8 killer bees (D:8)
  4 electric eels
  3 howler monkeys
  6 jellies
  25 orc priests
  2 hounds
  2 gnoll boudas
  6 iguanas
  Ijyb (D:3)
  34 orc wizards
  A shapeshifter simulacrum (IceCv)
  9 adders
  13 gnolls
  A shadow imp (D:6)
  3 white imps
  An ufetubus (D:4)
  2 worms
  3 dart slugs
  99 orcs
  4 ball pythons
  7 endoplasms
  16 giant cockroaches
  9 goblins
  12 hobgoblins
  A jackal (D:10)
  6 quokkas
  3 bats
  5 frilled lizards
  16 kobolds
  6 rats
  A bush (Lair:4)
1065 creatures vanquished.

Vanquished Creatures (collateral kills)
  3 elephants (Lair:5)
  A rime drake (Lair:5)
  A komodo dragon (Lair:5)
  A wolf (Lair:5)
6 creatures vanquished.

Vanquished Creatures (others)
  A centaur warrior (D:13)
  A death drake (Swamp:1)
  6 humans (Spider:4)
  2 orc wizards
  5 foxfires (Swamp:3)
  24 fungi
  18 plants
57 creatures vanquished.

Grand Total: 1128 creatures vanquished

Notes
Turn   | Place    | Note
-------+----------+-------------------------------------------
     0 | D:1      | Bnni the Demonspawn Gladiator began the quest for the Orb.
     0 | D:1      | Reached XP level 1. HP: 16/16 MP: 1/1
   156 | D:1      | Gained mutation: Your movements are slightly less
                  | encumbered by armour. (ER -2) [demonic ancestry]
   156 | D:1      | Reached XP level 2. HP: 22/22 MP: 2/2
   187 | D:1      | Found Jibbin's Armour Shoppe.
   332 | D:1      | Found a faded altar of an unknown god.
   379 | D:1      | Prayed at the altar of an unknown god.
   379 | D:1      | Became a worshipper of Dithmenos the Shadowed
   379 | D:1      | Reached * piety under Dithmenos
   693 | D:2      | Gained mutation: Your demonic aura sometimes causes spilled
                  | blood to erupt in flames. [demonic ancestry]
   693 | D:2      | Reached XP level 3. HP: 28/28 MP: 3/3
  1181 | D:2      | Gained mutation: You have a small tail. [demonic ancestry]
  1181 | D:2      | Reached XP level 4. HP: 34/34 MP: 4/4
  1355 | D:2      | Reached skill level 3 in Fighting
  1607 | D:3      | Reached ** piety under Dithmenos
  1800 | D:3      | Noticed Ijyb
  1818 | D:3      | Killed Ijyb
  1947 | D:3      | Gained mutation: Your movements are less encumbered by
                  | armour. (ER -4) [demonic ancestry]
  1947 | D:3      | Reached XP level 5. HP: 41/41 MP: 5/5
  1975 | D:3      | Found an ornate altar of the Wu Jian Council.
  2024 | D:3      | Found a shimmering blue altar of Sif Muna.
  2421 | D:4      | Reached skill level 5 in Long Blades
  2454 | D:4      | Noticed a phantom
  2464 | D:4      | Killed a phantom
  2465 | D:4      | Gained mutation: You have a tail ending in a sharp stinger.
                  | [demonic ancestry]
  2465 | D:4      | Reached XP level 6. HP: 48/48 MP: 6/6
  2637 | D:4      | Reached skill level 4 in Fighting
  3022 | D:5      | Entered Level 5 of the Dungeon
  3063 | D:5      | Reached *** piety under Dithmenos
  3548 | D:5      | Gained mutation: Spells you cast may paralyse adjacent
                  | enemies. [demonic ancestry]
  3548 | D:5      | Reached XP level 7. HP: 44/55 MP: 7/7
  3820 | D:5      | Reached skill level 5 in Fighting
  4256 | D:5      | Gained mutation: Spells you cast may paralyse nearby
                  | enemies. [demonic ancestry]
  4256 | D:5      | Reached XP level 8. HP: 49/63 MP: 8/8
  4592 | D:5      | Learned a level 1 spell: Slow
  4753 | D:6      | Noticed Maggie
  4770 | D:6      | Killed Maggie
  4771 | D:6      | Reached skill level 6 in Fighting
  5026 | D:6      | Reached **** piety under Dithmenos
  5074 | D:6      | Reached skill level 1 in Stealth
  5497 | D:7      | Found a blossoming altar of Fedhas.
  5619 | D:7      | Noticed a hornet
  5628 | D:7      | Paralysed by a hornet for 3 turns
  5633 | D:7      | Killed a hornet
  5634 | D:7      | Reached XP level 9. HP: 27/71 MP: 7/9
  5892 | D:7      | Found a staircase to the Ecumenical Temple.
  6120 | D:7      | Reached skill level 7 in Fighting
  6990 | D:8      | Noticed Pikel
  6996 | D:8      | Killed Pikel
  6997 | D:8      | Reached skill level 10 in Long Blades
  7093 | D:8      | Found Maewicku's Assorted Antiques.
  7113 | D:8      | Gained mutation: Spells you cast and wands you use may
                  | paralyse nearby enemies. [demonic ancestry]
  7113 | D:8      | Reached XP level 10. HP: 53/79 MP: 7/10
  7223 | D:8      | Reached skill level 8 in Fighting
  7332 | D:8      | Bought a scroll of identify for 68 gold pieces
  7333 | D:8      | Bought a scroll labelled XABLOJ VIMMEIQIOCS for 34 gold
                  | pieces
  7333 | D:8      | Bought a scroll labelled IPSUIGGAGH for 34 gold pieces
  7333 | D:8      | Bought a shiny gold wand for 136 gold pieces
  7549 | D:8      | Found a staircase to the Lair.
  7575 | D:8      | Reached ***** piety under Dithmenos
  7693 | D:8      | Reached skill level 5 in Dodging
  7872 | D:9      | Found a hide-covered altar of Uskayaw.
  8149 | D:9      | Noticed a two-headed ogre
  8161 | D:9      | Killed a two-headed ogre
  8162 | D:9      | Reached skill level 5 in Stealth
  8473 | D:9      | Found a bloodstained altar of Trog.
  8557 | D:9      | Found an iron altar of Okawaru.
  8868 | D:10     | Entered Level 10 of the Dungeon
  8873 | D:10     | Noticed a two-headed ogre
  8888 | D:10     | Killed a two-headed ogre
  9008 | D:10     | Found Loopsu's Magic Scroll Emporium.
  9017 | D:10     | Bought a scroll of amnesia for 60 gold pieces
  9017 | D:10     | Bought a scroll of immolation for 60 gold pieces
  9017 | D:10     | Bought a scroll of poison for 60 gold pieces
  9017 | D:10     | Bought a scroll of noise for 15 gold pieces
  9247 | D:10     | Found a sacrificial altar of Ru.
  9415 | D:10     | Reached XP level 11. HP: 86/87 MP: 11/11
  9432 | D:10     | Reached skill level 9 in Fighting
  9610 | D:10     | Identified the +11 dagger of Jiseho {freeze, Int+3}
 10286 | D:11     | Noticed a two-headed ogre
 10293 | D:11     | Killed a two-headed ogre
 10553 | D:11     | Found a runed translucent gate.
 10553 | D:11     | Found a runed translucent gate.
 10553 | D:11     | Found a runed translucent gate.
 10555 | D:11     | Found an opulent altar of Gozag.
 10556 | D:11     | Noticed an obsidian statue
 10558 | D:11     | Found Soobam's Assorted Antiques.
 10558 | D:11     | Noticed a deep elf archer
 10558 | D:11     | Noticed flestrin's ghost (journeyman MiBe)
 10878 | D:12     | Noticed a wizard
 10882 | D:12     | Killed a wizard
 10933 | D:12     | Noticed a white ugly thing
 11124 | D:12     | Noticed a skeletal warrior
 11127 | D:12     | Noticed a skeletal warrior
 11176 | D:12     | Noticed a skeletal warrior
 11203 | D:12     | Noticed a skeletal warrior
 11213 | D:12     | Found a runed translucent door.
 11587 | D:12     | Found a staircase to the Orcish Mines.
 11608 | D:12     | Reached skill level 1 in Invocations
 11944 | D:12     | Killed a white ugly thing
 12008 | D:11     | Killed a skeletal warrior
 12124 | D:11     | Killed a skeletal warrior
 12125 | D:11     | Reached XP level 12. HP: 59/97 MP: 13/13
 12544 | D:12     | Reached skill level 10 in Fighting
 12605 | D:12     | Noticed an iron dragon
 12605 | D:12     | Noticed a stone giant
 12633 | D:12     | Noticed a boulder beetle
 12806 | D:11     | Identified a scroll of acquirement
 12806 | D:11     | Acquired a manual of Fighting
 13151 | D:13     | Noticed a centaur warrior
 13158 | D:13     | Killed a centaur warrior
 13636 | D:13     | Noticed a tengu warrior
 13644 | D:13     | Killed a tengu warrior
 13741 | D:13     | Identified the ring of Picweph {rN+ Str+3 Dex+2 Slay+4}
 13763 | D:13     | Noticed a two-headed ogre
 13773 | D:13     | Killed a two-headed ogre
 14114 | D:13     | Noticed a centaur warrior
 14120 | D:13     | Killed a centaur warrior
 14121 | D:13     | Reached skill level 1 in Shields
 14423 | D:13     | Noticed a six-headed hydra
 14432 | D:13     | Killed a two-headed hydra
 14648 | D:14     | Noticed a boulder beetle
 14668 | D:14     | Killed a boulder beetle
 14669 | D:14     | Reached skill level 11 in Fighting
 14669 | D:14     | Reached skill level 5 in Invocations
 14678 | D:14     | Noticed a four-headed hydra
 14681 | D:14     | Identified Roxanne's Quarto of Bedrock
 14681 | D:14     | Noticed Roxanne
 14686 | D:14     | Killed a one-headed hydra
 15008 | D:14     | Noticed a boulder beetle
 15008 | D:14     | Found Rogyovurgh's Magic Scroll Shop.
 15048 | D:14     | Killed a boulder beetle
 15050 | D:14     | Bought a scroll of blinking for 120 gold pieces
 15336 | D:14     | Noticed a seven-headed hydra
 15341 | D:14     | Killed a five-headed hydra
 15511 | D:14     | Found Peosm's Book Emporium.
 15579 | D:14     | Found Xoraibraur's Jewellery Shoppe.
 15647 | D:14     | Reached XP level 13. HP: 106/106 MP: 15/17
 16393 | Lair:1   | Entered Level 1 of the Lair of Beasts
 16554 | Lair:1   | Noticed Amaemon
 16562 | Lair:1   | Killed Amaemon
 16924 | Lair:1   | Noticed Fannar
 16929 | Lair:1   | Killed Fannar
 17590 | Lair:2   | Reached skill level 12 in Fighting
 17870 | Lair:2   | Found a staircase to the Swamp.
 18129 | Lair:2   | Found a hole to the Spider Nest.
 18762 | Lair:3   | You fall into a shaft and drop 1 floor!
 19160 | Lair:4   | HP: 3/109 [boulder beetle (12)]
 19174 | Lair:4   | Reached skill level 13 in Fighting
 19505 | Lair:3   | Reached skill level 5 in Shields
 19700 | Lair:3   | Gained mutation: You have a sharp stinger which inflicts
                  | weakening toxins. [demonic ancestry]
 19700 | Lair:3   | Reached XP level 14. HP: 118/118 MP: 20/20
 19875 | Lair:3   | Reached ****** piety under Dithmenos
 20752 | Lair:4   | Found a staircase to the Slime Pits.
 20763 | Lair:4   | Reached skill level 10 in Stealth
 21536 | Lair:5   | Entered Level 5 of the Lair of Beasts
 21609 | Lair:5   | Found an opulent altar of Gozag.
 21816 | Lair:5   | Reached skill level 14 in Fighting
 21818 | Lair:5   | Reached skill level 10 in Dodging
 21825 | Lair:5   | Identified the +5 glaive of Kessoli {vorpal, Fly rC+
                  | Stlth-}
 21934 | Lair:5   | Reached skill level 10 in Invocations
 22034 | Lair:5   | Reached skill level 15 in Fighting
 22996 | Orc:1    | Entered Level 1 of the Orcish Mines
 22998 | Orc:1    | Noticed an orc warlord
 23016 | D:12     | Killed an orc warlord
 23017 | D:12     | Reached skill level 1 in Ranged Weapons
 23189 | Orc:1    | Noticed an orc warlord
 23211 | D:12     | Killed an orc warlord
 23428 | Orc:1    | Found a frozen archway.
 23450 | IceCv    | Entered an ice cave
 23971 | IceCv    | Noticed a quicksilver ooze
 23983 | IceCv    | Killed a quicksilver ooze
 24223 | IceCv    | Reached XP level 15. HP: 121/130 MP: 22/22
 24302 | IceCv    | Reached skill level 16 in Fighting
 24390 | IceCv    | Found a viscous altar of Jiyva.
 24390 | IceCv    | Noticed an azure jelly
 24393 | IceCv    | Noticed an azure jelly
 24396 | IceCv    | Killed an azure jelly
 24403 | IceCv    | Killed an azure jelly
 24413 | IceCv    | Identified the ring of the Enemy {Drain rPois rN+ Str+6
                  | Int+10 Dex+3}
 24416 | IceCv    | Got the Encyclopedia of Congelation
 24851 | Orc:2    | Entered Level 2 of the Orcish Mines
 24984 | Orc:2    | Paralysed by an orc sorcerer for 2 turns
 25520 | Orc:2    | Found Ximnull's General Store.
 25549 | Orc:2    | Found Kocood's Antique Weapon Emporium.
 25633 | Orc:2    | Bought an encrusted scimitar for 225 gold pieces
 25633 | Orc:2    | Identified the +11 scimitar of the Aged Spreadsheets
                  | {antimagic, rElec rF+} (You bought it in a shop on level 2
                  | of the Orcish Mines)
 25645 | Orc:2    | Found Zacirut's Antique Armour Emporium.
 25662 | Orc:2    | Found Taz Jot's Jewellery Emporium.
 25685 | Orc:2    | Noticed Azrael
 25698 | Orc:2    | Killed Azrael
 26187 | Orc:2    | Found a staircase to the Elven Halls.
 26395 | Orc:2    | Noticed Snorg
 26404 | Orc:2    | Killed Snorg
 26951 | Spider:1 | Entered Level 1 of the Spider Nest
 27979 | Spider:1 | Reached skill level 17 in Fighting
 28996 | Spider:2 | Noticed Frances
 29004 | Spider:2 | Killed Frances
 29304 | Spider:2 | Gained mutation: Your movements are significantly less
                  | encumbered by armour. (ER -6) [demonic ancestry]
 29304 | Spider:2 | Reached XP level 16. HP: 135/141 MP: 8/25
 30717 | Spider:1 | Acquired a +4 vorpal hand crossbow
 31437 | Spider:3 | Found the +1 cloak of Starlight {*Dazzle EV+4 Stlth--}
 31923 | Spider:3 | Reached skill level 5 in Ranged Weapons
 33863 | Spider:4 | Entered Level 4 of the Spider Nest
 34116 | Spider:4 | Noticed Kirke
 34121 | Spider:4 | Killed Kirke
 34486 | Spider:4 | Reached XP level 17. HP: 112/149 MP: 1/26
 36013 | Spider:4 | Reached skill level 15 in Long Blades
 36677 | Spider:4 | Got a gossamer rune of Zot
 36915 | Swamp:1  | Entered Level 1 of the Swamp
 37024 | Swamp:1  | Reached skill level 15 in Stealth
 37166 | Swamp:1  | Found a basalt altar of Yredelemnul.
 37261 | Swamp:1  | Noticed Jorgrun
 37392 | Swamp:1  | Killed Jorgrun
 37788 | Swamp:1  | Reached skill level 18 in Fighting
 37796 | Swamp:1  | HP: 5/149 [bunyip[a spriggan druid] (24)]
 38216 | Swamp:1  | Found a transporter.
 38226 | Swamp:1  | Noticed a tentacled monstrosity
 38236 | Swamp:1  | Found a transporter.
 39029 | Swamp:2  | Identified the +7 rapier "Narybas" {freeze, rPois}
 39741 | Swamp:3  | Paralysed by a hornet for 1 turns
 40022 | Swamp:3  | Killed from afar by a will-o-the-wisp

Illustrated notes

Levels and vault maps discovered:
D:1:      dpeg_arrival_erosion, layout_rooms, ebering_ecumenical_altar_webs,
          serial_shops, nicolae_lakefront_shop
D:2:      minmay_roachtagon, layout_loops_ring
D:3:      layout_rooms, mainiacjoe_overflow_chevrons,
          nicolae_wu_jian_wuxing_cycle, uniq_ijyb
D:4:      layout_loops_cross, small_statue_intersection
D:5:      layout_loops_ring, mainiacjoe_overflow_boulevard,
          minmay_strange_pillars
D:6:      layout_loops_ring, minivault_19, uniq_maggie
D:7:      layout_rooms, mainiacjoe_overflow_24_doors,
          minmay_temple_entry_overgrown, minmay_bent
D:8:      layout_gridville, david_lair_shrubbed, serial_shops, shop_fountains,
          uniq_pikel
D:9:      layout_basic, trog_three_pillars_becter,
          eat_drink_and_be_merry_uskayaw, overflow_temple_1_default
D:10:     layout_rooms, nicolae_ru_great_annihilating_truth, serial_shops, shop,
          minmay_between
D:11:     layout_loops_cross, ebering_ghost_gozag
D:12:     layout_irregular_city, hiddenorc2_lemuel, nicolae_hexahallways,
          minmay_hidden_floor
D:13:     layout_roguey, hangedman_abyss_or_decor_clamps
D:14:     layout_rooms, grunt_vaults_entry_fortified, serial_shops, shop, shop,
          shop, dreamdust_princess_bridge, uniq_roxanne
Lair:1:   layout_roguey, lemuel_fruit_tree, uniq_amaemon, uniq_fannar
Lair:2:   layout_misc_corridors, palyth_hydra_swamp_entry,
          spider_nest_entry_web_field
Lair:3:   layout_layer_cave, beast_lair_carwin_7, grunt_megastairs_3
Lair:4:   layout_misc_corridors, minmay_slime_entry_oklob_open,
          minmay_lair_oklob_bushes, serial_bayou_shore_a
Lair:5:   minmay_lair_end_enchanted_forest, layout_misc_corridors, basic_altar
Swamp:1:  gammafunk_sealed_arena, layout_basic_swamp,
          evilmike_swamp_ruin_rubble_2, grunt_ruined_hall, uniq_jorgrun
Swamp:2:  layout_basic_swamp, evilmike_swamp_ruin_house_1
Swamp:3:  nicolae_swamp_wrong_neighborhood, layout_falls_marsh,
          evilmike_swamp_ruin_house_6, swamp_pool1
Spider:1: layout_chambers, hangedman_spider_tarantella_strand
Spider:2: layout_spider_delve, spiders_nest_hornet_nest, uniq_frances
Spider:3: nicolae_spider_hilbert_zone_3 [nicolae_spider_hilbert_4_sides_2_open,
          nicolae_spider_hilbert_3_sides_1_open,
          nicolae_spider_hilbert_3_sides_1_open,
          nicolae_spider_hilbert_3_sides_1_open,
          nicolae_spider_hilbert_3_sides_1_open,
          nicolae_spider_hilbert_4_sides_1_open,
          nicolae_spider_hilbert_4_sides_1_open,
          nicolae_spider_hilbert_4_sides_1_open,
          nicolae_spider_hilbert_4_sides_1_open,
          nicolae_spider_hilbert_4_sides_1_open,
          nicolae_spider_hilbert_4_sides_1_open,
          nicolae_spider_hilbert_4_sides_1_open,
          nicolae_spider_hilbert_4_sides_1_open,
          nicolae_spider_hilbert_3_sides_1_open,
          nicolae_spider_hilbert_3_sides_1_open,
          nicolae_spider_hilbert_3_sides_1_open,
          nicolae_spider_hilbert_3_sides_1_open], spiders_nest_ghost_moth_duel
Spider:4: spider_rune_water, uniq_kirke
Orc:1:    layout_diamond_mine, portal_ice_cave_entry_pillars_2,
          dreamdust_deal_with_the_devil
Orc:2:    grunt_orc_cross, layout_caves, uniq_azrael, uniq_snorg

Skill      XL: |  1  2  3  4  5  6  7  8  9 10 11 12 13 14 15 16 17 |
---------------+----------------------------------------------------+-----
Long Blades    | 3 4 5 6 7 9 10 11 12 13 14 15 | 15.0
Fighting       | 3 4 5 6 7 8 9 11 13 15 17 18 | 18.1
Stealth        | 1 3 5 7 8 9 11 13 14 15 | 15.4
Dodging        | 3 4 5 7 8 9 10 | 10.0
Invocations    | 2 5 8 10 12 | 12.9
Shields        | 2 5 7 9 |  9.7
Ranged Weapons | 2 4 6 8 |  8.0
Throwing       | |  1.7

Action                   |  1- 3 |  4- 6 |  7- 9 | 10-12 | 13-15 | 16-18 || total
-------------------------+-------+-------+-------+-------+-------+-------++-------
Melee: Long sword        |   139 |   159 |   232 |       |       |       ||   530
       Punch             |     1 |     3 |     7 |     4 |       |       ||    15
       Tailslap          |       |    29 |    54 |   103 |   218 |   161 ||   565
       Whip              |       |    20 |    23 |       |       |       ||    43
       Dagger            |       |       |     1 |    99 |       |       ||   100
       Scimitar          |       |       |    35 |   458 |  1100 |   852 ||  2445
 Fire: Hand crossbow     |       |       |       |       |       |     3 ||     3
Throw: Dart              |       |     5 |     8 |    11 |     1 |     2 ||    27
       Throwing net      |       |       |       |     8 |     1 |       ||     9
       Javelin           |       |       |       |     2 |       |       ||     2
 Cast: Slow              |       |       |    25 |    32 |    32 |    10 ||    99
Invok: Shadow Step       |       |       |       |     4 |    10 |     5 ||    19
       Shadow Form       |       |       |       |       |       |     3 ||     3
 Abil: End Transformatio |       |       |       |       |       |     2 ||     2
Evoke: Wand              |       |       |       |     1 |     5 |       ||     6
  Use: Scroll            |       |     4 |     3 |    15 |     7 |    11 ||    40
       Potion            |       |       |       |       |     7 |    14 ||    21
 Stab: Sleeping          |     1 |     5 |     5 |    20 |    70 |    68 ||   169
       Paralysed         |       |       |    28 |    17 |    25 |     5 ||    75
       Distracted        |       |       |     2 |     2 |     8 |     5 ||    17
       Held in net/web   |       |       |       |     2 |     3 |       ||     5
       Confused          |       |       |       |       |       |     1 ||     1
       Invisible         |       |       |       |       |       |     1 ||     1
Armor: Leather armour    |     6 |       |       |       |       |       ||     6
       Ring mail         |    41 |    44 |    27 |    48 |   203 |   159 ||   522
       Plate armour      |       |    28 |       |       |       |       ||    28
       Steam dragon scal |       |       |    76 |    94 |       |       ||   170
Dodge: Dodged            |   116 |   104 |   221 |   359 |   646 |   633 ||  2079
Block: Buckler           |       |       |       |    19 |   491 |   388 ||   898
       Reflection        |       |       |       |       |     5 |     2 ||     7
       Kite shield       |       |       |       |       |       |   215 ||   215

Table legend: (Time is in decaauts)
 A = Elapsed time spent in this place.
 B = Non-inter-level travel time spent in this place.
 C = Inter-level travel time spent in this place.
 D = Time resting spent in this place.
 E = Time spent auto-exploring this place.
 F = Levels seen in this place.
 G = Mean time per level.
                   A        B        C        D        E       F      G
               +--------+--------+--------+--------+--------+-----+--------+
         Total |  39688 |  37970 |   1718 |  11281 |  18710 |  29 | 1368.6 |
       Dungeon |  16863 |  15949 |    914 |   3457 |   9403 |  14 | 1204.5 |
          Lair |   6943 |   6602 |    341 |   1648 |   3902 |   5 | 1388.6 |
         Swamp |   2722 |   2621 |    101 |    898 |    694 |   3 |  907.3 |
   Spider Nest |   9750 |   9437 |    313 |   4135 |   3401 |   4 | 2437.5 |
  Orcish Mines |   2270 |   2222 |     48 |    659 |    894 |   2 | 1135.0 |
      Ice Cave |   1139 |   1139 |      0 |    481 |    414 |   1 | 1139.0 |
               +--------+--------+--------+--------+--------+-----+--------+

Top non-repeatable levels by time:
Spider:1: 3583 daAuts
Spider:4: 2882 daAuts
Spider:3: 2607 daAuts
    D:13: 1970 daAuts
    D:12: 1881 daAuts
  Lair:2: 1782 daAuts
  Lair:4: 1651 daAuts
    D:11: 1635 daAuts
   Orc:2: 1618 daAuts
 Swamp:1: 1523 daAuts
     D:5: 1335 daAuts
    D:14: 1324 daAuts
     D:7: 1231 daAuts
  Lair:5: 1214 daAuts
  Lair:3: 1155 daAuts
